Selects Special Operations Battlegroup
Construct Medical Station
Selects SSF Commando Squad
M1918 Browning Automatic Rifles
Selects M29 Weasel with M1 Pack Howitzer
Selects P-47 Anti-Infantry Loiter
M18 Hellcat Tank Destroyer
Construct Weapon Support Center
M18 Hellcat Tank Destroyer
Improved M9 Bazooka Rockets
M18 Hellcat Tank Destroyer
P-47 Anti-Infantry Loiter
M18 Hellcat Tank Destroyer
Selects M4A1 Sherman Whizbang
Selects Assault Operation
M4(105) Sherman Bulldozer
P-47 Anti-Infantry Loiter